AoeStats
← nonoleboss

Nomad

507367210Analyzed
4v4 RM · 14d ago on Sep 17, 2026· 40m 10s· 8 players
Game mode
Random Map
Map size
231×231
Population
200
Speed
Normal
Resources
Standard
Victory
Conquest
Starting age
Dark Age
Ending age
Imperial Age
RankedLock teamsTeams togetherTeam positionsShared explorationLock speedFull tech treeHidden civsTurbo modeCheats
Victory
Defeat
🇦🇺 Italians · Australia
1305
+15
🇨🇴 Lithuanians · Colombia
1299
+15
🇫🇷 Huns · France
1284
+16
🇫🇷 Malay · France
1274
+16
🇨🇦 Mapuche · Canada
1446
-23
🇨🇦 Cumans · Canada
1292
-16
🇺🇸 Armenians · United States
1191
-12
🇺🇸 Gurjaras · United States
1173
-11
nonoleboss
5:10 Loom
15:36 Feudal Age
15:26 Double-Bit Axe
18:42 Castle Age
18:55 Bow Saw
19:27 Medium Warships
25:21 Horse Collar
28:26 Sanctity
33:42 Imperial Age
34:08 Squires
33:55 Arson
34:22 Forging
34:46 Fletching
35:10 Elite Karambit Warrior
36:11 Conscription
40:18 Iron Casting
Andres_bc81
4:06 Loom
5:55 Loom
15:03 Feudal Age
16:24 Double-Bit Axe
19:14 Castle Age
17:43 Horse Collar
18:40 Wheelbarrow
19:50 Pikeman
20:45 Bow Saw
21:46 Fervor
23:08 Town Watch
29:54 Ballistics
31:10 Fletching
31:47 Bodkin Arrow
35:16 Hill Forts
40:56 Imperial Age
39:41 Scale Barding Armor
39:48 Forging
jawsy_
5:22 Loom
14:10 Feudal Age
20:09 Castle Age
18:37 Fletching
20:44 Bodkin Arrow
31:16 Padded Archer Armor
35:39 Wheelbarrow
39:11 Thumb Ring
Severe Burden
7:49 Loom
12:50 Feudal Age
13:42 Double-Bit Axe
14:30 Town Watch
14:45 Gold Mining
22:31 Castle Age
21:59 Horse Collar
23:47 Medium Warships
23:28 Fletching
23:59 Heavy Plow
24:09 Bow Saw
25:16 Bodkin Arrow
25:41 Padded Archer Armor
26:22 Fishing Lines
27:42 Crossbowman
29:53 Leather Archer Armor
31:08 Ballistics
31:12 Gillnets
34:59 Stone Mining
41:51 Imperial Age
39:42 Husbandry
40:45 Bloodlines
41:20 Wheelbarrow
LE Lamechara
4:50 Loom
15:34 Feudal Age
16:14 Man-at-Arms
17:47 Horse Collar
18:59 Arson
27:14 Wheelbarrow
29:28 Castle Age
32:46 Castle Age
34:53 Gold Mining
37:46 Imperial Age
36:15 Fletching
36:40 Double-Bit Axe
37:33 Gold Shaft Mining
I Move Soft
4:56 Loom
15:22 Feudal Age
19:36 Castle Age
18:02 Double-Bit Axe
19:10 Fletching
19:20 Padded Archer Armor
22:26 Bow Saw
23:06 Bodkin Arrow
26:22 Forging
26:18 Scale Barding Armor
28:17 Iron Casting
28:14 Bloodlines
27:25 Light Cavalry
29:03 Chain Barding Armor
36:46 Wheelbarrow
38:59 Imperial Age
37:27 Thumb Ring
38:00 Ballistics
onesecimpoopin
5:30 Loom
18:18 Feudal Age
22:16 Castle Age
22:11 Wheelbarrow
21:27 Horse Collar
22:36 Fletching
22:47 Padded Archer Armor
22:36 Town Watch
22:51 Double-Bit Axe
23:42 Bodkin Arrow
24:38 Bow Saw
25:34 Gold Mining
28:23 Leather Archer Armor
30:39 Thumb Ring
30:43 Scale Barding Armor
35:51 Hand Cart
GOAT Gobz
5:13 Loom
13:49 Feudal Age
18:35 Castle Age
16:57 Double-Bit Axe
18:13 Forging
18:41 Town Watch
20:17 Medium Warships
22:54 Fletching
25:53 Bodkin Arrow
28:02 Wheelbarrow
28:41 Padded Archer Armor
30:43 Bow Saw
30:15 Horse Collar
32:39 Leather Archer Armor
38:34 Hand Cart
Connection lost

Rejoining the realm…

Still unreachable

The connection could not be restored.

Session expired

The server has moved on; the page needs a fresh start.